 Dungeon Crawl Stone Soup version 0.31-a0-564-g3b7de120b3 (webtiles) character file.

Game seed: 3634975058611920375

3898 ytrimaz the Martial Artist (level 10, -4/74 HPs)
             Began as an Octopode Shapeshifter on Aug 16, 2023.
             Was a Follower of Ashenzari.
             Slain by an orange demon (11 damage)
             ... led by Amaemon
             ... on level 8 of the Dungeon on Aug 18, 2023.
             The game lasted 00:10:31 (8779 turns).

ytrimaz the Martial Artist (Octopode Shapeshifter)  Turns: 8779, Time: 00:10:31

Health: -4/74      AC:  1    Str: 14    XL:     10   Next: 20%
Magic:  10/10      EV: 13    Int: 12    God:    Ashenzari [*.....]
Gold:   329        SH:  5    Dex: 16    Spells: 9/9 levels left

rFire   . .          .
                       - Unarmed
rCold   . . .        (no shield)
rNeg    . . .        (helmet currently unavailable)
rPois   .            x - amulet of reflection
rElec   .            h - ring "Tethered Regret" {Wiz, Comp, Dev} (curse)
rCorr   .            a - ring "At What Cost Knowledge?" {Wiz, Alch, Elem} (curse)
SInv    .            (no ring)
Will    .....        (no ring)
Stlth   ++++         (no ring)
HPRegen 0.32/turn    (no ring)
MPRegen 0.12/turn    (no ring)
                     (no ring)

%: reflection, wizardry (x2)
@: lethally poisoned (-4 -> -13), beast-form
A: beast (slay +4), almost no armour, amphibious, 8 rings, camouflage 1,
gelatinous body 1, (nimble swimmer 1), tentacles
a: Begin Untransformation, Renounce Religion, Curse Item, Shatter the Chains


You were on level 8 of the Dungeon.
You worshipped Ashenzari.
Ashenzari was aware of your devotion.
You were a hulking beast.
You visited 2 branches of the dungeon, and saw 10 of its levels.

You collected 362 gold pieces.
You spent 33 gold pieces at shops.


Innate Abilities, Weirdness & Mutations

You are a hulking beast.
Your limbs bulge with bestial killing power. (Slay +4)
You cannot wear most types of armour.
You are amphibious.
You can wear up to eight rings at the same time.
Your skin changes colour to match your surroundings (Stealth+).
Your rubbery body absorbs attacks. (AC +1, EV +1)
((You are camouflaged when in or above water. (Stealth+)))
You have tentacles for arms and can constrict up to eight enemies at once.


   Skills:
 + Level 9.2 Fighting
 - Level 2.0 Dodging
 - Level 4.0 Stealth
 + Level 9.7 Unarmed Combat
 - Level 5.5(6.3) Shapeshifting


You had 9 spell levels left.
You didn't know any spells.
Your spell library contained the following spells:

 Spells                   Type           Power      Damage    Failure   Level
 Slow                     Hex            0%         N/A       9%          1
 Confusing Touch          Hex            0%         N/A       24%         3
 Dazzling Flash           Conj/Hex       0%         N/A       24%         3
 Ignite Poison            Fire/Tmut/Pois 0%         N/A       24%         3
 Portal Projectile        Hex/Tloc       0%         N/A       24%         3
 Tukima's Dance           Hex            0%         N/A       24%         3
 Vampiric Draining        Necr           0%         2d6       24%         3
 Volatile Blastmotes      Fire/Tloc      0%         2d10      24%         3
 Iskenderun's Mystic Bla  Conj/Tloc      0%         2d3       58%         4
 Sticky Flame             Conj/Fire      0%         2d3       58%         4
 Summon Forest            Summ/Tloc      0%         N/A       89%         5
 Eringya's Noxious Bog    Tmut/Pois      0%         4d6       100%        6
 Starburst                Conj/Fire      0%         6d3       100%        6
 Summon Hydra             Summ           0%         N/A       100%        7
 Ignition                 Fire           0%         3d3       100%        8
 Maxwell's Capacitive Co  Air            0%         ∞         100%        8

Inventory:

Jewellery
 a - the cursed ring "At What Cost Knowledge?" (right tentacle) {Wiz, Alch, Elem}
   (You found it on level 6 of the Dungeon)

   [ring of wizardry]

   Wiz:       It improves your spell success rate.
   It has a curse which improves the following skills: Alchemy: Poison Magic and
   Transmutations.
   Elements:  Fire Magic, Ice Magic, Air Magic and Earth Magic.
 h - the cursed ring "Tethered Regret" (left tentacle) {Wiz, Comp, Dev}
   (You found it on level 2 of the Dungeon)

   [ring of wizardry]

   Wiz:       It improves your spell success rate.
   It has a curse which improves the following skills: Companions: Summonings
   and Necromancy.
   Devices:   Evocations and Shapeshifting.
 x - an amulet of reflection (around mantle)
   (You found it on level 8 of the Dungeon)
Talismans
 b - a beast talisman (active)
 c - a flux talisman
Wands
 t - a wand of flame (41) (quivered)
   (You found it on level 4 of the Dungeon)
Scrolls
 e - a scroll of immolation
 f - a scroll of blinking
 g - a scroll of vulnerability
 k - a scroll of enchant armour
 l - 2 scrolls of teleportation
 r - a scroll of fog
 s - a scroll of poison
Potions
 i - a potion of mutation
 j - 3 potions of haste
 m - a potion of berserk rage
 n - a potion of resistance
 o - a potion of degeneration
 q - 2 potions of enlightenment
 u - a potion of magic
 v - a potion of ambrosia
 z - a potion of invisibility

Dungeon Overview and Level Annotations

Branches:
Dungeon (9/15) Zot: 26618  Temple (1/1) D:5 Zot: 5965
   Lair: D:8-11         Orc: D:9-12

Altars:
Ashenzari
Cheibriados
Dithmenos
Elyvilon
Fedhas
Gozag
Hepliaklqana
Kikubaaqudgha
Makhleb
Nemelex Xobeh
Okawaru
Qazlal
Ru
Sif Muna
Trog
Uskayaw
Vehumet
Wu Jian
Xom
Yredelemnul
Zin
The Shining One

Shops:
D:2 ?   D:8 *   D:9 **

Annotations:
D:3 2 runed translucent doors, Crazy Yiuf; innerfire43's ghost, amateur GnSh
D:8 Amaemon

..# #.#..#...####.....## #.##
#.#....######.#.#..#
#..####........#....#.##.#
#........#.###...####.##.###
.......#..............##...######
.......#...#..........##.........
.......#...#..........##......[..
..............4.......##.........
...........#...6h................
................).....##.........
.####.#....#....>.....##.........
......................##.........
####.#....#######.....##........(
#......# #..#....##...####
##.##### #..###.>.....# ### #..#
###.#...# #####.#### #.....#


You could see Amaemon and an orange demon (curare).


Message History

Press: ? - help, Q - select action, (/) - cycle Shift-Dir - straight line, f - Amaemon
Aim: Amaemon, wielding a -2 demon whip of venom (wandering, hasn't noticed you, chance to affect: 29%) Amaemon shouts!
Amaemon easily resists.
You hear a screech!
Aiming: Mindburst
Press: ? - help, Q - select action, (/) - cycle Shift-Dir - straight line, f - you That would be overly suicidal.
Okay, then.
Unknown command. 😕 HP[+1] Unknown command.
Aiming: Mindburst
Press: ? - help, Q - select action, (/) - cycle Shift-Dir - straight line, f - Amaemon
Aim: Amaemon, wielding a -2 demon whip of venom (chance to affect: 29%) Amaemon's mind is blasted!!
Aiming: Mindburst
Press: ? - help, Q - select action, (/) - cycle Shift-Dir - straight line, f/p - Amaemon
Aim: Amaemon, wielding a -2 demon whip of venom (moderately wounded, chance to affect: 29%) Amaemon easily resists.
Aiming: Mindburst
Press: ? - help, Q - select action, (/) - cycle Shift-Dir - straight line, f/p - Amaemon
Aim: Amaemon, wielding a -2 demon whip of venom (moderately wounded, chance to affect: 29%) Amaemon's mind is blasted!
Aiming: Mindburst
Press: ? - help, Q - select action, (/) - cycle Shift-Dir - straight line, f/p - Amaemon
Aim: Amaemon, wielding a -2 demon whip of venom (heavily wounded, chance to affect: 29%) Amaemon easily resists. 😕 HP[+1]
Aiming: Mindburst
Press: ? - help, Q - select action, (/) - cycle Shift-Dir - straight line, f/p - Amaemon
Aim: Amaemon, wielding a -2 demon whip of venom (heavily wounded, chance to affect: 29%) Amaemon easily resists.
Aiming: Mindburst
Press: ? - help, Q - select action, (/) - cycle Shift-Dir - straight line, f/p - Amaemon
Aim: Amaemon, wielding a -2 demon whip of venom (heavily wounded, chance to affect: 29%) Amaemon easily resists.
Amaemon hits you with a -2 demon whip of venom.
Amaemon misses you. You block Amaemon's attack. 😕 HP[-6]
You take 6 damage, and now have 59/74 hp.
Aiming: Mindburst
Press: ? - help, Q - select action, (/) - cycle Shift-Dir - straight line, f/p - Amaemon
Aim: Amaemon, wielding a -2 demon whip of venom (heavily wounded, chance to affect: 29%) Amaemon easily resists.
Amaemon hits you with a -2 demon whip of venom!
Amaemon misses you.
Amaemon tail-slaps you but does no damage.
An orange demon comes into view. 😮 HP[-13]
You take 13 damage, and now have 46/74 hp.
Unknown command.
Aiming: Mindburst
Press: ? - help, Q - select action, (/) - cycle Shift-Dir - straight line, f/p - Amaemon
Aim: Amaemon, wielding a -2 demon whip of venom (heavily wounded, chance to affect: 29%) Amaemon easily resists.
The now-empty wand crumbles to dust.
Amaemon casts a spell at the orange demon.
The orange demon seems to grow toxic.
Unknown command.
Aiming: Throw Flame
Press: ? - help, Q - select action, (/) - cycle Shift-Dir - straight line, f/p - Amaemon
Aim: Amaemon, wielding a -2 demon whip of venom (heavily wounded, 60% to hit)
The puff of flame hits Amaemon.
Amaemon hits you with a -2 demon whip of venom!
* * * LOW HITPOINT WARNING * * *
You are poisoned.
Amaemon claws you.
* * * LOW HITPOINT WARNING * * *
You block Amaemon's attack. 😨 HP[-15]
You take 15 damage, and now have 31/74 hp.
MASSIVE DAMAGE!! (PAUSE)
You bludgeon Amaemon! You grab Amaemon. You constrict Amaemon.
You feel very sick.
Amaemon hits you with a -2 demon whip of venom.
* * * LOW HITPOINT WARNING * * *
You are more poisoned.
Amaemon claws you but does no damage. Amaemon closely misses you. 😨 HP[-5]
You take 5 damage, and now have 26/74 hp.
You tentacle-slap Amaemon. You tentacle-slap Amaemon! You constrict Amaemon.
* * * LOW HITPOINT WARNING * * *
You feel very sick. Amaemon barely misses you. Amaemon claws you.
* * * LOW HITPOINT WARNING * * *
Amaemon tail-slaps you.
* * * LOW HITPOINT WARNING * * *
You are more poisoned.
Amaemon poisons you! 😱 HP[-11]
You take 11 damage, and now have 15/74 hp.
You feel better.
You constrict Amaemon.
Amaemon hits you with a -2 demon whip of venom!
* * * LOW HITPOINT WARNING * * *
You are poisoned.
Amaemon claws you.
* * * LOW HITPOINT WARNING * * *
Amaemon tail-slaps you but does no damage.
The orange demon stings you from afar!
You die...

Skill      XL: |  1  2  3  4  5  6  7  8  9 10 |
---------------+-------------------------------+-----
Stealth        | 1 2 4 |  4.0
Fighting       | 2 3 4 6 8 9 |  9.2
Unarmed Combat | 4 5 7 9 |  9.7
Shapeshifting  | 4 5 |  5.5
Dodging        | |  2.0

Action                     |  1- 3 |  4- 6 |  7- 9 | 10-12 || total
---------------------------+-------+-------+-------+-------++-------
  Melee: Unarmed           |    70 |    76 |   192 |    34 ||   372
         Constrict         |    16 |    18 |    47 |     6 ||    87
         Tentacles         |    11 |    13 |    46 |     6 ||    76
         Punch             |     2 |     4 |    13 |     2 ||    21
 Invoke: Curse Item        |       |       |     2 |       ||     2
  Evoke: Wand              |       |       |    12 |    15 ||    27
    Use: Scroll            |     3 |     4 |     6 |     1 ||    14
         Potion            |       |     1 |     8 |     4 ||    13
   Stab: Sleeping          |     5 |     8 |    14 |     1 ||    28
         Distracted        |       |     1 |     2 |     1 ||     4
 Armour: Skin              |     4 |    10 |    23 |     5 ||    42
  Dodge: Dodged            |    54 |    32 |    90 |    25 ||   201
  Block: Other             |       |       |       |    10 ||    10

Levels and vault maps discovered:
D:1:      tarquinn_simple_flora_water_f, layout_basic, serial_corexii_hall,
          corexii_hall_statues_deadend, corexii_hall_statues_l
D:2:      layout_loops_corners, serial_shops, nicolae_shop_just_a_little_nook,
          dreamdust_ecumenical_altar_drowned_temple, serial_forest,
          infiniplex_forest_lined_room_, infiniplex_forest_clump_medium,
          infiniplex_forest_zigzag_1, infiniplex_forest_lined_2,
          infiniplex_forest_clump_small, infiniplex_forest_clump_curved,
          infiniplex_forest_end_2, infiniplex_forest_clump_diagonal
D:3:      layout_rooms, hellmonk_ghost_happy_afterlife, uniq_sigmund,
          uniq_crazy_yiuf_cottage
D:4:      layout_loops_cross, mainiacjoe_overflow_six_doors_small, tso_altar
D:5:      layout_loops_corners, minmay_temple_entry_proselytizer,
          kennysheep_generic_room_12, uniq_blork_the_orc
D:6:      layout_basic
D:7:      layout_basic, lemuel_doored_altar, sword_in_stone, uniq_maggie
D:8:      layout_rooms, nicolae_shop_clearance, uniq_amaemon
D:9:      layout_roguey, serial_shops, shop, nicolae_specific_store, uniq_erica
Temple:   hellmonk_temple_divided_pantheon

Notes
Turn   | Place    | Note
-------+----------+-------------------------------------------
     0 | D:1      | ytrimaz the Octopode Shapeshifter began the quest for the
                  | Orb.
     0 | D:1      | Reached XP level 1. HP: 13/13 MP: 1/1
     0 | D:1      | magus.rc [v1.9.6]
    94 | D:1      | Reached XP level 2. HP: 17/18 MP: 2/2
   391 | D:1      | You pick up a book of Spectacle and begin reading...
   391 | D:1      | You add the spells Volatile Blastmotes, Dazzling Flash,
                  | Starburst and Maxwell's Capacitive Coupling to your
                  | library.
   827 | D:2      | Reached skill level 1 in Stealth
   827 | D:2      | Reached XP level 3. HP: 21/23 MP: 3/3
   858 | D:2      | Found a faded altar of an unknown god.
   927 | D:2      | Reached skill level 2 in Stealth
  1092 | D:2      | You add the spells Ignite Poison, Sticky Flame and Ignition
                  | to your library.
  1190 | D:2      | Identified the +8 short sword of the Four Lies {pain,
                  | rElec}
  1256 | D:2      | Reached XP level 4. HP: 28/28 MP: 4/4
  1428 | D:2      | Found Ickaaj's Magic Scroll Shop.
  1436 | D:2      | Bought a scroll of teleportation for 33 gold pieces
  1781 | D:3      | Found a runed translucent door.
  1785 | D:3      | Noticed innerfire43's ghost (amateur GnSh)
  1974 | D:3      | Noticed Sigmund
  1999 | D:3      | Killed Sigmund
  2000 | D:3      | Reached skill level 2 in Fighting
  2000 | D:3      | Reached skill level 4 in Stealth
  2000 | D:3      | Reached skill level 4 in Unarmed Combat
  2000 | D:3      | Reached XP level 5. HP: 35/35 MP: 5/5
  2000 | D:3      | Reached XP level 6. HP: 41/41 MP: 6/6
  2398 | D:3      | Found a runed translucent door.
  2399 | D:3      | Noticed Crazy Yiuf
  2455 | D:4      | Found a shimmering altar of Xom.
  2524 | D:4      | Noticed a black bear
  2540 | D:4      | Killed a black bear
  2541 | D:4      | Reached skill level 3 in Fighting
  2541 | D:4      | Reached skill level 4 in Shapeshifting
  2768 | D:4      | Reached XP level 7. HP: 23/46 MP: 7/7
  2847 | D:4      | Reached skill level 5 in Unarmed Combat
  3076 | D:4      | Found a glowing golden altar of the Shining One.
  3340 | D:5      | Entered Level 5 of the Dungeon
  3340 | D:5      | Found a staircase to the Ecumenical Temple.
  3344 | D:5      | Reached skill level 4 in Fighting
  3350 | Temple   | Found a transporter.
  3350 | Temple   | Found a transporter.
  3350 | Temple   | Found a transporter.
  3350 | Temple   | Found a transporter.
  3350 | Temple   | Entered the Ecumenical Temple
  3363 | Temple   | Became a worshipper of Ashenzari the Shackled
  3708 | D:5      | Noticed Blork the orc
  3720 | D:5      | Reached skill level 5 in Shapeshifting
  3720 | D:5      | Reached XP level 8. HP: 49/54 MP: 8/8
  3725 | D:5      | Killed Blork the orc
  3922 | D:5      | HP: 9/54 [gnoll sergeant/+0 trident of distortion (16)]
  3924 | D:5      | Reached skill level 6 in Unarmed Combat
  4119 | D:5      | Reached skill level 5 in Fighting
  4728 | D:6      | HP: 11/51 [wight/+4 scimitar (8)]
  5233 | D:6      | Reached skill level 6 in Fighting
  5280 | D:6      | Reached skill level 7 in Unarmed Combat
  5327 | D:6      | HP: 19/85 [poisoned by an orc wizard]
  5337 | D:6      | Reached XP level 9. HP: 24/62 MP: 9/9
  5337 | D:6      | HP: 23/93 [poisoned by an orc wizard]
  5342 | D:6      | HP: 17/93 [poisoned by an orc wizard]
  6183 | D:7      | Found an ancient bone altar of Kikubaaqudgha.
  6526 | D:7      | Noticed Maggie
  6534 | D:7      | Killed Maggie
  6535 | D:7      | Reached skill level 7 in Fighting
  6567 | D:7      | Reached skill level 8 in Unarmed Combat
  6781 | D:7      | HP: 16/64 [bullfrog (6)]
  7137 | D:7      | Reached * piety under Ashenzari
  7148 | D:7      | Noticed Eustachio
  7152 | D:7      | Upgraded the game from 0.31-a0-557-g6e16503903 to
                  | 0.31-a0-564-g3b7de120b3
  7152 | D:7      | magus.rc [v1.9.6]
  7165 | D:7      | Killed Eustachio
  7166 | D:7      | Reached skill level 8 in Fighting
  7168 | D:7      | HP: 15/66 [wight/+0 long sword (17)]
  7534 | D:7      | You pick up a book of Weapons and begin reading...
  7534 | D:7      | You add the spells Tukima's Dance, Portal Projectile and
                  | Iskenderun's Mystic Blast to your library.
  7542 | D:7      | Reached skill level 9 in Unarmed Combat
  7891 | D:8      | Reached XP level 10. HP: 62/73 MP: 10/10
  7942 | D:8      | You add the spells Summon Forest, Eringya's Noxious Bog and
                  | Summon Hydra to your library.
  7948 | D:8      | You pick up a book of Debilitation and begin reading...
  7948 | D:8      | You add the spells Slow, Vampiric Draining and Confusing
                  | Touch to your library.
  8253 | D:8      | Found Foshutz's CLEARANCE SALE!.
  8319 | D:8      | Reached skill level 9 in Fighting
  8463 | D:9      | Found Kaupe's General Store.
  8466 | D:9      | Found Moihuw's Specific Store.
  8522 | D:9      | HP: 4/74 [something (16)]
  8765 | D:8      | Noticed Amaemon
  8774 | D:8      | Noticed an orange demon
  8778 | D:8      | HP: 16/74 [Amaemon/-2 demon whip of venom (5)]
  8779 | D:8      | HP: 7/74 [Amaemon/-2 demon whip of venom (3)]
  8779 | D:8      | Slain by an orange demon

Vanquished Creatures
  Maggie (D:7)
  Sigmund (D:3)
  A vampire (D:9)
  A wyvern (D:8)
  Eustachio (D:7)
  An acid dragon (D:8)
  2 water moccasins
  2 black bears
  3 orc warriors (D:7)
  2 ice beasts
  2 ogres
  2 phantoms
  Blork the orc (D:5)
  A kobold brigand (D:7)
  2 gnoll sergeants
  3 bullfrogs
  A scorpion (D:5)
  6 wights
  3 howler monkeys
  3 jellies
  2 orc priests
  4 hounds
  3 sleepcaps
  6 iguanas
  3 orc wizards
  3 gnolls (D:7)
  6 adders
  2 shadow imps
  3 white imps
  An ufetubus (D:7)
  4 worms
  4 dart slugs
  15 orcs
  6 endoplasms
  6 giant cockroaches
  5 goblins
  2 hobgoblins (D:4)
  12 jackals
  3 quokkas (D:1)
  6 ball pythons
  5 bats
  A frilled lizard (D:1)
  8 kobolds
  4 rats
  A spectral goblin (D:2)
154 creatures vanquished.

Table legend:
 A = Non-vault XP
 B = Vault XP
 C = Vault XP percentage of total XP
 D = Non-vault monster count
 E = Vault monster count
 F = Vault count percentage of total count
                 A         B        C        D         E       F
            +---------+---------+-------+---------+---------+-------
      Total |    4043 |    1526 |  27.4 |     143 |      11 |   7.1
            +---------+---------+-------+---------+---------+-------
        D:1 |      24 |       0 |   0.0 |      16 |       0 |   0.0
        D:2 |      72 |       1 |   1.4 |      18 |       1 |   5.3
        D:3 |      38 |     239 |  86.3 |      16 |       1 |   5.9
        D:4 |     459 |       0 |   0.0 |      24 |       0 |   0.0
        D:5 |     572 |     230 |  28.7 |      14 |       3 |  17.6
        D:6 |     913 |       0 |   0.0 |      20 |       0 |   0.0
        D:7 |     833 |    1056 |  55.9 |      18 |       6 |  25.0
        D:8 |     823 |       0 |   0.0 |      12 |       0 |   0.0
        D:9 |     309 |       0 |   0.0 |       5 |       0 |   0.0
            +---------+---------+-------+---------+---------+-------

Skill      XL: |  1  2  3  4  5  6  7  8  9 10 |
---------------+-------------------------------+-----
Stealth        | 1 2 4 |  4.0
Fighting       | 2 3 4 6 8 9 |  9.2
Unarmed Combat | 4 5 7 9 |  9.7
Shapeshifting  | 4 5 |  5.5
Dodging        | |  2.0

Action                     |  1- 3 |  4- 6 |  7- 9 | 10-12 || total
---------------------------+-------+-------+-------+-------++-------
  Melee: Unarmed           |    70 |    76 |   192 |    34 ||   372
         Constrict         |    16 |    18 |    47 |     6 ||    87
         Tentacles         |    11 |    13 |    46 |     6 ||    76
         Punch             |     2 |     4 |    13 |     2 ||    21
 Invoke: Curse Item        |       |       |     2 |       ||     2
  Evoke: Wand              |       |       |    12 |    15 ||    27
    Use: Scroll            |     3 |     4 |     6 |     1 ||    14
         Potion            |       |     1 |     8 |     4 ||    13
   Stab: Sleeping          |     5 |     8 |    14 |     1 ||    28
         Distracted        |       |     1 |     2 |     1 ||     4
 Armour: Skin              |     4 |    10 |    23 |     5 ||    42
  Dodge: Dodged            |    54 |    32 |    90 |    25 ||   201
  Block: Other             |       |       |       |    10 ||    10

Illustrated notes

Table legend:
 A = Kills in this place as a percentage of kills in the entire game.
 B = Kills by you in this place as a percentage of kills by you in the entire game.
 C = Kills by friends in this place as a percentage of kills by friends in the entire game.
 D = Other kills in this place as a percentage of other kills in the entire game.
 E = Experience gained in this place as a percentage of experience gained in the entire game.
 F = Experience gained in this place divided by the number of levels of this place that you have seen.
                   A       B       C       D       E      F
               +-------+-------+-------+-------+-------+----------------------
         Total | 100.0 | 100.0 |   N/A |   N/A | 100.0 | 556.9
       Dungeon | 100.0 | 100.0 |   N/A |   N/A | 100.0 | 618.8
               +-------+-------+-------+-------+-------+----------------------

Table legend: (Time is in decaauts)
 A = Elapsed time spent in this place.
 B = Non-inter-level travel time spent in this place.
 C = Inter-level travel time spent in this place.
 D = Time resting spent in this place.
 E = Time spent auto-exploring this place.
 F = Levels seen in this place.
 G = Mean time per level.
                   A        B        C        D        E       F      G
               +--------+--------+--------+--------+--------+-----+--------+
         Total |   8765 |   8622 |    143 |    147 |   7174 |  10 |  876.5 |
       Dungeon |   8730 |   8587 |    143 |    147 |   7174 |   9 |  970.0 |
        Temple |     34 |     34 |      0 |      0 |      0 |   1 |   34.0 |
               +--------+--------+--------+--------+--------+-----+--------+

Top non-repeatable levels by time:
     D:7: 1651 daAuts
     D:6: 1571 daAuts
     D:5: 1189 daAuts
     D:2: 1012 daAuts
     D:4: 895 daAuts
     D:3: 713 daAuts
     D:1: 707 daAuts
     D:8: 636 daAuts
     D:9: 353 daAuts
  Temple: 34 daAuts
